 Dungeon Crawl Stone Soup version 0.18-a0-1157-g59db91b (webtiles) character file.

4592 st0uf the Nimble (level 10, -5/79 HPs)
             Began as a Green Draconian Berserker on Jan 23, 2016.
             Slain by a fire crab (11 damage)
             ... created by the rage of Trog
             ... on level 8 of the Dungeon.
             The game lasted 00:52:54 (8684 turns).

st0uf the Nimble (Green Draconian Berserker)        Turns: 8684, Time: 00:52:56

Health: -5/79      AC:  7    Str: 21    XL:     10   Next: 18%
Magic:  10/10      EV: 16    Int:  9    God:    Xom [*.....]
Gold:   375        SH:  0    Dex: 11    Spells: 0 memorised, 9 levels left

rFire  . . .     SeeInvis +       - Unarmed
rCold  . . .     Gourm    .     (armour unavailable)
rNeg   . . .     Faith    .     (no shield)
rPois  +         Spirit   .     (helmet restricted)
rElec  .         Dismiss  .     (no cloak)
rCorr  .         Reflect  .     (no gloves)
SustAt .         Harm     .     (no boots)
MR     .....                    (no amulet)
Stlth  +.........               (no ring)
                                I - ring of see invisible

@: short of breath, not resistant to hostile enchantments, very unstealthy
A: breathe noxious fumes, unfitting armour, blurry vision 1, clever 1, clumsy 1,
frail 1, poison resistance, cold-blooded, MP-powered wands, AC +7
a: Breathe Noxious Fumes, Renounce Religion


You were on level 8 of the Dungeon.
You worshipped Xom.
You were a special plaything of Xom.
You were not hungry.

You visited 2 branches of the dungeon, and saw 9 of its levels.
You also visited: Sewer.

You collected 375 gold pieces.

Inventory:

Missiles
 b - 4 tomahawks
 c - 547 stones (quivered)
 m - 10 javelins
Armour
 e - a +1 pair of gloves
Magical Staves
 r - an uncursed staff of fire
Jewellery
 v - an uncursed ring of teleportation
 w - an uncursed ring of wizardry
 I - a ring of see invisible (left hand)
Wands
 z - a wand of digging (21/24)
 K - a wand of cold (11/15)
Scrolls
 f - 10 scrolls of identify
 j - a scroll of blinking {unknown}
 k - a scroll of noise
 o - 3 scrolls of enchant armour
 p - 2 scrolls of recharging
 x - 2 scrolls of amnesia {unknown}
 B - a scroll of teleportation {unknown}
 D - 3 scrolls of remove curse
 E - a scroll of acquirement {unknown}
 F - a scroll of magic mapping {unknown}
 G - a scroll of fog {unknown}
Potions
 g - a potion of berserk rage {unknown}
 h - 5 potions of brilliance
 i - 2 potions of heal wounds {unknown}
 l - 2 potions of resistance {unknown}
 n - 2 potions of ambrosia {unknown}
 q - 4 potions of curing {unknown}
 t - 2 potions of flight {unknown}
 A - 3 potions of poison {unknown}
 C - a potion of magic {unknown}
 H - 2 potions of lignification {unknown}
 J - a potion of cancellation {unknown}
Books
 y - a book of Spatial Translocations

   Spells                             Type                      Level
   a - Apportation                    Translocation                1
   b - Blink                          Translocation                2
   c - Shroud of Golubria             Charms/Translocation         2
   d - Portal Projectile              Translocation                3
   e - Teleport Other                 Translocation                3
   f - Passage of Golubria            Translocation                4
Comestibles
 a - 7 bread rations
 s - 4 meat rations
 u - 3 beef jerkies


   Skills:
 + Level 7.9 Fighting
 * Level 6.0 Throwing
 + Level 8.8 Dodging
 + Level 8.0 Unarmed Combat


You had 9 spell levels left.
You didn't know any spells.

Dungeon Overview and Level Annotations

Branches:
Dungeon (8/15)             Temple (1/1) D:7
   Lair: D:8-11

Altars:
Cheibriados
Dithmenos
Elyvilon
Gozag
Kikubaaqudgha
Makhleb
Nemelex Xobeh
Okawaru
Pakellas
Qazlal
Ru
Sif Muna
Trog
Vehumet
Xom
Yredelemnul
Zin
The Shining One

Annotations:
D:7 exclusion: ice statue


Innate Abilities, Weirdness & Mutations

You can breathe blasts of noxious fumes.
Your lurid green scales are hard (AC +7).
Your body does not fit into most forms of armour.
Your system is resistant to poisons.
You are cold-blooded and may be slowed by cold attacks.
Scrolls take you a little longer to read.
Your mind is acute. (Int +2)
You are clumsy. (Dex -2)
You are frail (-10% HP).
You expend magic power (3 MP) to strengthen your wands.


Message History

You are confused.
You punch the golden eye!
You kill the golden eye!
That felt strangely unrewarding.
The fire crab bites you but does no damage.
The fire crab barely misses you.
You feel less confused.
You hit the fire crab.
The fire crab is moderately wounded.
The fire crab bites you.
You are engulfed in flames!
The fire crab claws you but does no damage.
You hit the fire crab.
The fire crab is heavily wounded.
The fire crab bites you!
* * * LOW HITPOINT WARNING * * *
You are engulfed in flames!
* * * LOW HITPOINT WARNING * * *
The fire crab claws you!
You die...
Xom bursts into laughter!

.........).§.§§..###
.......##.##§§§..###
......##.##..§..#..
#......§.###.####.#
#...######.....##.#
##.# #.....##.# #g#
#..<..##.# ####t####
#.....##.# #...@...#
#.....##.. #.##.##.#
########## #.##.##.#
#.##.##.# #.##.##.#
#.##.##.# #.......#
##########
####.#######........#
#.........######..


You could see a fire crab and a gnoll.

Vanquished Creatures
  Pikel (D:6)
  3 polar bears
  Prince Ribbit (D:6)
  Grinder (D:6)
  Sigmund (D:2)
  Grum (D:8)
  A golden eye (D:8)
  3 wolves (D:8)
  Menkaure (D:4)
  Duvessa (D:7)
  6 orc warriors
  2 phantoms
  2 sky beasts
  4 slaves (D:4)
  An ice beast (D:8)
  3 black bears
  5 ogres
  4 giant frogs
  A gnoll sergeant (D:8)
  A scorpion (D:4)
  Dowan (D:7)
  A centaur zombie (D:7)
  3 crimson imps
  7 hounds
  2 jellies
  7 orc wizards
  2 orc priests
  4 worker ants
  Natasha (thrice) (D:4)
  2 hound skeletons
  2 gnolls (D:8)
  18 adders
  2 river rats (D:3)
  2 adder skeletons
  An adder zombie (D:7)
  3 worms
  8 giant geckos
  26 orcs
  11 giant cockroaches
  7 goblins
  4 hobgoblins
  16 jackals
  6 kobolds
  2 quokkas
  4 ball pythons
  8 bats
  9 giant newts
  A quokka zombie (D:6)
  12 rats
217 creatures vanquished.

Vanquished Creatures (others)
  3 withered plants (D:8)
3 creatures vanquished.

Grand Total: 220 creatures vanquished

Notes
Turn   | Place    | Note
--------------------------------------------------------------
     0 | D:1      | st0uf the Draconian Berserker began the quest for the Orb.
     0 | D:1      | Reached XP level 1. HP: 19/19 MP: 1/1
   381 | D:1      | Reached XP level 2. HP: 15/26 MP: 2/2
   615 | D:1      | Found a snail-covered altar of Cheibriados.
   819 | D:2      | Noticed Sigmund
   827 | D:2      | Killed Sigmund
   827 | D:2      | Reached skill level 4 in Fighting
   827 | D:2      | Reached skill level 1 in Throwing
   827 | D:2      | Reached XP level 3. HP: 33/33 MP: 3/3
   827 | D:2      | Reached XP level 4. HP: 40/40 MP: 4/4
   827 | D:2      | Reached XP level 5. HP: 46/46 MP: 5/5
   877 | D:2      | Reached ** piety under Trog
   977 | D:2      | Found a sparkling altar of Nemelex Xobeh.
  1170 | D:2      | Found a bloodstained altar of Trog.
  1602 | D:3      | Found a white marble altar of Elyvilon.
  1843 | D:3      | Reached XP level 6. HP: 36/53 MP: 6/6
  1872 | D:3      | Reached *** piety under Trog
  1890 | D:3      | Found a glowing drain.
  1930 | Sewer    | Entered a sewer
  3024 | D:4      | Reached skill level 5 in Dodging
  3024 | D:4      | Reached XP level 7. HP: 60/60 MP: 7/7
  3024 | D:4      | Your scales start taking on a lurid green colour.
  3024 | D:4      | Gained mutation: Your system is resistant to poisons. [Green Draconian growth]
  3050 | D:4      | Noticed Pikel
  3323 | D:4      | Reached skill level 5 in Fighting
  3504 | D:4      | Noticed Natasha
  3512 | D:4      | Killed Natasha
  3562 | D:4      | Noticed Menkaure
  3591 | D:4      | Killed Menkaure
  3591 | D:4      | Reached skill level 5 in Unarmed Combat
  3592 | D:4      | Reached **** piety under Trog
  3598 | D:4      | Noticed Natasha
  3610 | D:4      | Killed Natasha
  3778 | D:4      | Noticed Natasha
  3787 | D:4      | Killed Natasha
  3836 | D:4      | Received a gift from Trog
  3836 | D:4      | Reached XP level 8. HP: 63/70 MP: 8/8
  4166 | D:5      | Entered Level 5 of the Dungeon
  4371 | D:5      | Found a glowing silver altar of Zin.
  4471 | D:5      | Reached skill level 6 in Fighting
  4586 | D:5      | Found a glowing golden altar of the Shining One.
  4907 | D:5      | Found a deep blue altar of Sif Muna.
  5255 | D:6      | Noticed Prince Ribbit
  5276 | D:6      | Killed Prince Ribbit
  5409 | D:6      | Noticed Grinder
  5416 | D:6      | Killed Grinder
  5416 | D:6      | Reached skill level 7 in Dodging
  5416 | D:6      | Reached XP level 9. HP: 78/78 MP: 9/9
  5483 | D:6      | Found a shadowy altar of Dithmenos.
  5704 | D:6      | Killed Pikel
  5704 | D:6      | Reached skill level 5 in Throwing
  6546 | D:7      | Reached skill level 8 in Dodging
  6592 | D:7      | Gained mutation: You have sharp toenails. [mutagenic meat]
  6600 | D:7      | Found a staircase to the Ecumenical Temple.
  6617 | Temple   | Entered the Ecumenical Temple
  6625 | Temple   | Fell from the grace of Trog
  6625 | Temple   | Became a worshipper of Xom of Chaos
  6797 | D:7      | Noticed Dowan
  6801 | D:7      | Noticed Duvessa
  6807 | D:7      | XOM: potion effect (berserk rage)
  6811 | D:7      | Killed Dowan
  6825 | D:7      | Killed Duvessa
  6877 | D:7      | XOM: divination: detect creatures
  7053 | D:7      | Noticed an ice statue
  7126 | D:8      | XOM: potion effect (berserk rage)
  7169 | D:8      | Noticed a polar bear
  7169 | D:8      | Noticed a polar bear
  7185 | D:7      | HP: 2/79 [black bear[the rage of Trog] (7)]
  7197 | D:7      | XOM: noise
  7364 | D:6      | Noticed a polar bear
  7413 | D:6      | Killed a polar bear
  7587 | D:6      | XOM: give mutations
  7587 | D:6      | Gained mutation: Scrolls take you a little longer to read. [Xom's mischief]
  7587 | D:6      | Gained mutation: You are weak. (Str -2) [Xom's mischief]
  7587 | D:6      | Gained mutation: Your mind is acute. (Int +2) [Xom's mischief]
  7587 | D:6      | Gained mutation: You are frail (-10% HP). [Xom's mischief]
  7775 | D:7      | XOM: noise
  7809 | D:8      | XOM: enchant monster (good)
  7822 | D:8      | Killed a polar bear
  7862 | D:8      | Killed a polar bear
  7886 | D:8      | Noticed Grum
  7887 | D:8      | XOM: enchant monster (good)
  7896 | D:8      | XOM: 2-stop teleportation journey
  8007 | D:8      | XOM: 3-stop teleportation journey
  8021 | D:8      | Found an ancient bone altar of Kikubaaqudgha.
  8021 | D:8      | XOM: give mutations
  8021 | D:8      | Gained mutation: You expend magic power (3 MP) to strengthen your wands. [Xom's mischief]
  8021 | D:8      | Lost mutation: You are weak. (Str -2) [Xom's mischief]
  8021 | D:8      | Lost mutation: You have sharp toenails. [Xom's mischief]
  8021 | D:8      | Gained mutation: You are clumsy. (Dex -2) [Xom's mischief]
  8043 | D:8      | Reached XP level 10. HP: 36/77 MP: 10/10
  8164 | D:7      | XOM: confuse monster(s)
  8204 | D:8      | XOM: 1-stop teleportation journey
  8237 | D:8      | XOM: swap monsters
  8239 | D:8      | Killed Grum
  8247 | D:8      | XOM: confusion (+ monsters)
  8403 | D:8      | XOM: 1-stop teleportation journey
  8546 | D:8      | XOM: mild Air miscast
  8561 | D:8      | XOM: repel stairs
  8564 | D:8      | XOM: divination: detect items
  8586 | D:8      | Noticed a fire crab
  8586 | D:8      | a polar bear changed into a fire crab
  8586 | D:8      | XOM: polymorph polar bear -> fire crab
  8587 | D:8      | XOM: smoke on damage
  8589 | D:8      | XOM: fog
  8590 | D:8      | XOM: noise
  8598 | D:8      | XOM: 8-stop teleportation journey
  8671 | D:8      | XOM: polymorph polar bear -> golden eye
  8684 | D:8      | Slain by a fire crab

Vault maps used:
D:1:      minmay_arrival_checkered_box, st_stairs_6, cheibriados_altar_1
D:2:      nemelex_xobeh_ov_fountains_minmay, overflow_temple_1_default,
          uniq_sigmund
D:3:      elyvilon_altar_5, gup_sewer_entry_bubbles
D:4:      first_bread, uniq_natasha, uniq_pikel, uniq_menkaure
D:5:      led_sif_book, lemuel_doored_altar, nicolae_tso_swordbearing_angel,
          guppyfry_early_orc_mine
D:6:      nicolae_overflow_crystal_walls, lemuel_another_geyser,
          uniq_prince_ribbit1, uniq_grinder
D:7:      lemuel_ice_statue, minmay_temple_entry_statues_fountains, uniq_duvessa
D:8:      kiku_gazebo_garden_becter, uniq_grum
Temple:   eino_wide_crystal_templ_10
Sewer:    sewer_frog_island_01

Action                   |  1- 3 |  4- 6 |  7- 9 | 10-12 || total
-------------------------+-------+-------+-------+-------++-------
Melee: Unarmed           |    52 |   243 |   538 |    74 ||   907
Throw: Stone             |     6 |       |       |       ||     6
Invok: Berserk           |     1 |     3 |     4 |       ||     8
       Trog's Hand       |       |     2 |     2 |       ||     4
 Abil: Breathe Noxious F |       |       |    27 |     7 ||    34
  Use: Scroll            |       |     5 |     1 |     1 ||     7
 Stab: Confused          |       |       |    18 |     6 ||    24
       Sleeping          |       |       |     2 |       ||     2
       Paralysed         |       |       |     4 |       ||     4
  Eat: Chunk             |       |    10 |    28 |     4 ||    42
       Fruit             |       |       |     2 |       ||     2
